 Dungeon Crawl Stone Soup version 0.16.0-18-g484a79e (webtiles) character file.

406 inmateoo the Grave Robber (level 7, -4/46 HPs)
             Began as a Human Necromancer on Mar 22, 2015.
             Was an Initiate of Cheibriados.
             Slain by a gnoll
             ... wielding a +0 whip
              (5 damage)
             ... on level 4 of the Dungeon.
             The game lasted 00:10:20 (4140 turns).

inmateoo the Grave Robber (Human Necromancer)       Turns: 4140, Time: 00:10:20

Health: -4/46      AC:  3    Str: 12    XL:     7   Next: 12%
Magic:  15/15      EV: 12    Int: 19    God:    Cheibriados [......]
Gold:   208        SH:  0    Dex: 14    Spells: 3 memorised, 6 levels left

rFire  . . .     SeeInvis .     o - +1 dagger (venom)
rCold  . . .     Clarity  .     a - +1 robe
rNeg   + . .     SustAb   .     (no shield)
rPois  .         Gourm    .     (no helmet)
rElec  .         Spirit   .     (no cloak)
rCorr  .         Warding  +     (no gloves)
rMut   .         Stasis   .     (no boots)
MR     .....                    d - amulet of warding
Stlth  ++........               (no ring)
                                n - +3 ring of strength

@: lethally poisoned (-4 -> -12), very slow, not resistant to hostile
enchantments, unstealthy
A: no striking features
a: Bend Time, Renounce Religion


You were on level 4 of the Dungeon.
You worshipped Cheibriados.
Cheibriados was noncommittal.
You were not hungry.

You visited 1 branch of the dungeon, and saw 4 of its levels.

You collected 208 gold pieces.

Inventory:

Hand weapons
 o - a +1 dagger of venom (weapon)
Armour
 a - a +1 robe (worn)
Jewellery
 d - an amulet of warding (around neck)
 n - a +3 ring of strength (left hand)
Scrolls
 e - 4 scrolls of remove curse
Potions
 j - a potion of resistance
 k - a potion of brilliance
 l - a potion of magic
 p - 2 potions of restore abilities
 v - a potion of mutation {unknown}
Books
 b - a book of Necromancy

   Spells                             Type                      Level
   a - Pain                           Necromancy                   1
   b - Animate Skeleton               Necromancy                   1
   c - Vampiric Draining              Necromancy                   3
   d - Regeneration                   Charms/Necromancy            3
   e - Animate Dead                   Necromancy                   4
   f - Control Undead                 Necromancy                   4
 w - a book of Transfigurations

   Spells                             Type                      Level
   a - Stoneskin                      Transmutation/Earth          2
   b - Irradiate                      Conjuration/Transmutation    5
   c - Statue Form                    Transmutation/Earth          6
   d - Hydra Form                     Transmutation                6
   e - Dragon Form                    Transmutation                7
Comestibles
 c - 4 bread rations
 f - 3 fruits
 g - a slice of pizza
 h - a beef jerky
 m - 3 meat rations


   Skills:
 - Level 2.0 Dodging
 - Level 2.0 Stealth
 * Level 4.6 Unarmed Combat
 + Level 3.5 Spellcasting
 + Level 5.3 Necromancy


You had 6 spell levels left.
You knew the following spells:

 Your Spells              Type           Power        Failure   Level  Hunger
a - Pain                  Necr           ###.         1%          1    None
b - Vampiric Draining     Necr           ###.......   6%          3    ###....
c - Regeneration          Chrm/Necr      ##........   14%         3    ###....


Dungeon Overview and Level Annotations

Branches:
Dungeon (4/15)
 Temple: D:4-7

Altars:
Cheibriados
Makhleb
Vehumet

Annotations:
D:4 inmateoo's ghost, average HETm


Message History

The gnoll hits you from afar with a spear.
* * * LOW HITPOINT WARNING * * *
You kill the gnoll!
Cheibriados appreciates the change of pace.
All of the chunks of flesh in your inventory have rotted away.
The gnoll misses you. The gnoll barely misses you.
The gnoll closely misses you. x2
Unknown command.
Unknown command.
You hit the gnoll but do no damage. The gnoll hits you with a whip.
* * * LOW HITPOINT WARNING * * *
The gnoll misses you.
Unknown command.
Drink which item? (? for menu, Esc to quit)
It was a potion of poison.
That liquid tasted very nasty...
You are lethally poisoned!
* * * LOW HITPOINT WARNING * * *
You feel sick. The gnoll hits you with a whip.
You die...

*,***,,,,,**** **...##***,...,*
*,* ******* *#...# ***#.#### *,*
######## *...## #..... *,*
#......# *#...# #..... *,*
#......# #...######..... *,*
#......#### #gg.#....[..... ,,*
#.........# ##.#######..... #**
#.........####)##### #..... #
##.........@g.).....# #..... #
#...........g.......# #..... #
#...................# #..... #
#..........##'#.##### #..†.. #
#..........##.#.# #..... #
#.............#.# #..... #
#..........####.#######.....
######.#.#.........#)#...........
.......#.#.#######.#.#...........


You could see 2 gnolls.

Vanquished Creatures
  An ogre (D:4)
  A scorpion (D:3)
  An orc priest (D:3)
  A goliath beetle (D:3)
  A hound (D:2)
  2 worker ants (D:4)
  2 gnolls (D:4)
  4 adders
  A worm (D:4)
  An adder zombie (D:3)
  4 giant geckos
  5 orcs (D:3)
  2 giant cockroaches (D:1)
  10 goblins
  10 hobgoblins
  10 jackals
  A quokka (D:2)
  A ball python (D:1)
  7 bats
  3 giant newts (D:1)
  11 kobolds
  13 rats
92 creatures vanquished.

Notes
Turn   | Place    | Note
--------------------------------------------------------------
     0 | D:1      | inmateoo, the Human Necromancer, began the quest for the Orb.
     0 | D:1      | Reached XP level 1. HP: 13/13 MP: 3/3
   218 | D:1      | Reached XP level 2. HP: 10/19 MP: 0/4
   444 | D:1      | Reached skill level 1 in Unarmed Combat
   515 | D:1      | Reached XP level 3. HP: 17/24 MP: 0/6
   595 | D:1      | Learned a level 3 spell: Vampiric Draining
  1255 | D:1      | Reached XP level 4. HP: 27/30 MP: 4/8
  1299 | D:1      | Learned a level 3 spell: Regeneration
  2001 | D:2      | Found a burning altar of Makhleb.
  2130 | D:2      | Reached XP level 5. HP: 35/35 MP: 7/9
  2637 | D:3      | Reached XP level 6. HP: 35/41 MP: 0/12
  2866 | D:3      | Found a radiant altar of Vehumet.
  3170 | D:3      | Reached skill level 5 in Necromancy
  3411 | D:4      | Found a snail-covered altar of Cheibriados.
  3418 | D:4      | Became a worshipper of Cheibriados the Contemplative
  3635 | D:4      | Noticed inmateoo's ghost (average HETm)
  3948 | D:4      | Reached XP level 7. HP: 26/46 MP: 11/15
  4139 | D:4      | HP: 2/46 [gnoll/whip (6)]
  4140 | D:4      | Slain by a gnoll

Action                   |  1- 3 |  4- 6 |  7- 9 || total
-------------------------+-------+-------+-------++-------
Melee: Unarmed           |    19 |    59 |       ||    78
       Dagger            |       |    90 |     7 ||    97
 Cast: Pain              |    56 |    55 |       ||   111
       Regeneration      |       |    13 |       ||    13
       Vampiric Draining |       |     2 |       ||     2
  Use: Scroll            |     5 |     9 |       ||    14
       Potion            |       |     4 |     1 ||     5
 Stab: Sleeping          |       |     2 |       ||     2
  Eat: Chunk             |     2 |     9 |     2 ||    13
